 Dungeon Crawl Stone Soup version 0.31-a0-844-gdc52ec4e09 (webtiles) character file.

Game seed: 13975523008135462535

1335 Kurtz the Cleaver (level 8, -8/52 HPs)
             Began as an Octopode Fighter on Oct 1, 2023.
             Was an Initiate of Gozag.
             Killed by divine providence
             ... invoked by an orc priest
              (10 damage)
             ... on level 6 of the Dungeon.
             The game lasted 00:05:21 (5253 turns).

Kurtz the Cleaver (Octopode Fighter)                Turns: 5253, Time: 00:05:22

Health: -8/52      AC:  1    Str: 18    XL:     8   Next: 61%
Magic:  8/8        EV: 14    Int: 10    God:    Gozag
Gold:   502        SH:  5    Dex: 17    Spells: 7/7 levels left

rFire   . . .        e - +2 hand axe (heavy)
rCold   + . .        b - +0 buckler
rNeg    . . .        (helmet restricted)
rPois   .            (no amulet)
rElec   .            r - +6 ring of dexterity
rCorr   .            j - ring of protection from cold
SInv    .            (no ring)
Will    .....        (no ring)
Stlth   +++          (no ring)
HPRegen 0.28/turn    (no ring)
MPRegen 0.11/turn    (no ring)
                     (no ring)

%: no passive effects
@: gold aura
A: almost no armour, amphibious, 8 rings, camouflage 1, gelatinous body 1,
(nimble swimmer 1), tentacles
a: Renounce Religion, Potion Petition, Call Merchant, Bribe Branch


You were on level 6 of the Dungeon.
You worshipped Gozag.
Gozag was pleased with you.
You visited 2 branches of the dungeon, and saw 7 of its levels.

You collected 637 gold pieces.
You spent 60 gold pieces at shops.
You paid 75 gold pieces to Gozag.

Inventory:

Hand Weapons
 a - a +0 war axe
 e - a +2 heavy hand axe (weapon)
Missiles
 k - 9 poisoned darts
Armour
 b - a +0 buckler (worn)
Jewellery
 j - a ring of protection from cold (right tentacle)
 r - a +6 ring of dexterity (left tentacle)
 t - a ring of fire
 w - an amulet of the acrobat
Wands
 m - a wand of charming (14)
 p - a wand of digging (10)
 s - a wand of flame (17)
 u - a wand of iceblast (9)
Scrolls
 d - 2 scrolls of immolation
 f - 6 scrolls of identify
 i - a scroll of enchant armour
 l - 5 scrolls of teleportation
 n - a scroll of silence
 v - a scroll of revelation {unknown}
Potions
 c - 2 potions of might
 g - 2 potions of attraction
 h - 2 potions of brilliance
 o - a potion of enlightenment
 q - 2 potions of ambrosia
 x - 2 potions of haste {unknown}


   Skills:
 * Level 3.5 Fighting
 * Level 10.0 Axes
 * Level 3.8 Dodging
 - Level 3.0 Shields


You had 7 spell levels left.
You didn't know any spells.
Your spell library contained the following spells:

 Spells                   Type           Power      Damage    Failure   Level
 Sting                    Tmut/Pois      0%         1d3       43%         1
 Poisonous Vapours        Pois/Air       0%         N/A       58%         2
 Wereblood                Tmut           0%         N/A       58%         2
 Olgreb's Toxic Radiance  Pois           0%         N/A       99%         4
 Irradiate                Conj/Tmut      0%         3d11      100%        5


Dungeon Overview and Level Annotations

Branches:
Dungeon (6/15)             Temple (1/1) D:4

Altars:
Dithmenos
Gozag
Hepliaklqana
Kikubaaqudgha
Nemelex Xobeh
Okawaru
Qazlal
Sif Muna
Trog
Wu Jian
Xom
Yredelemnul
Zin

Shops:
D:4 :?

Annotations:
D:6 Maggie, Pikel


Innate Abilities, Weirdness & Mutations

You cannot wear most types of armour.
You are amphibious.
You can wear up to eight rings at the same time.
Your skin changes colour to match your surroundings (Stealth+).
Your rubbery body absorbs attacks. (AC +1, EV +1)
((You are camouflaged when in or above water. (Stealth+)))
You have tentacles for arms and can constrict up to eight enemies at once.


Message History

You are electrocuted!!
You hit Pikel but do no damage.
You tentacle-slap Pikel, but do no damage.
Pikel is lightly wounded.
You constrict Pikel.
Pikel hits you with a +0 whip of electrocution.
Unknown command.
You completely miss Pikel. You squeeze Pikel, but do no damage.
Pikel is moderately wounded.
You constrict Pikel, but do no damage.
The orc priest mumbles some strange prayers to Beogh against you.
Beogh smites you!
* * * LOW HITPOINT WARNING * * *
Pikel hits you with a +0 whip of electrocution!
* * * LOW HITPOINT WARNING * * *
Pikel says, "You'll make a fine lemure."
Pikel hits you with a +0 whip of electrocution.
* * * LOW HITPOINT WARNING * * *
The orc priest begins to cast a cantrip, but forgets the words!
Unknown command.
Okay, then.
You slash Pikel!
Pikel is moderately wounded.
You constrict Pikel.
Pikel hits you with a +0 whip of electrocution.
* * * LOW HITPOINT WARNING * * *
Unknown command.
Unknown command.
You hit Pikel but do no damage. You squeeze Pikel.
Pikel is heavily wounded.
You constrict Pikel. You block Pikel's attack.
Unknown command.
Unknown command.
You barely miss Pikel.
Pikel is heavily wounded.
You constrict Pikel!
The orc priest invokes the aid of Beogh against you.
Beogh smites you!
You die...
Your body crumbles into a pile of gold.

##.....###.........
##.....####..#######
##.....###.#..##..........o.
##.....###..#..##............
#.....###...'..##............
###'####....#..##............
#.....#.....#..##.......5....
#.....#....##.###.....WK.....
+.....'...###@# #............
#.....#..####K# #..5.5.......
#.....#.###.#5# #.......#####
###'######..#5# #.......#
##.....###...'o####'######
##.....###....#...o5.####
##.....###.....#..##.....#
#.....###.....##.###.........
.....###.....###.# #......###


You could see Pikel, 2 lemures and an orc priest.

Vanquished Creatures
  A water moccasin (D:5)
  2 centaurs (D:6)
  2 phantoms (D:5)
  A lemure (D:6)
  2 bullfrogs (D:6)
  A kobold brigand (D:6)
  5 killer bees (D:5)
  A howler monkey (D:3)
  2 hounds
  3 orc priests
  An iguana (D:4)
  Jessica (D:3)
  An orc wizard (D:4)
  A gnoll (D:1)
  9 adders
  A shadow imp (D:6)
  6 worms
  A dart slug (D:3)
  10 orcs
  12 ball pythons
  8 bats
  8 endoplasms
  6 giant cockroaches
  6 goblins
  9 hobgoblins
  8 jackals
  12 kobolds
  2 quokkas
  4 frilled lizards
  10 rats
136 creatures vanquished.

Notes
Turn   | Place    | Note
-------+----------+-------------------------------------------
     0 | D:1      | Kurtz the Octopode Fighter began the quest for the Orb.
     0 | D:1      | Reached XP level 1. HP: 16/16 MP: 1/1
    25 | D:1      | Reached XP level 2. HP: 13/21 MP: 2/2
    26 | D:1      | Reached skill level 3 in Axes
   143 | D:1      | Reached XP level 3. HP: 13/26 MP: 3/3
   805 | D:2      | Reached skill level 4 in Axes
   921 | D:2      | Reached XP level 4. HP: 28/31 MP: 4/4
  1771 | D:3      | Reached skill level 5 in Axes
  1771 | D:3      | Reached XP level 5. HP: 17/36 MP: 5/5
  2265 | D:3      | Found a glowing silver altar of Zin.
  2265 | D:3      | Noticed an angel
  2380 | D:3      | Noticed Jessica
  2383 | D:3      | Reached skill level 6 in Axes
  2385 | D:3      | Killed Jessica
  2386 | D:3      | Reached XP level 6. HP: 24/40 MP: 6/6
  2626 | D:4      | Found a bloodstained altar of Trog.
  2634 | D:4      | Found a staircase to the Ecumenical Temple.
  2653 | Temple   | Entered the Ecumenical Temple
  2665 | Temple   | Became a worshipper of Gozag Ym Sagoz the Greedy
  2932 | D:4      | Found Xoiclibb's Magic Scroll Shop.
  2944 | D:4      | Bought a scroll of teleportation for 36 gold pieces
  2944 | D:4      | Bought a scroll of identify for 24 gold pieces
  2988 | D:4      | Found Doex's Tremendous Tomes.
  3254 | D:4      | Found a basalt altar of Yredelemnul.
  3488 | D:4      | Found an ornate altar of the Wu Jian Council.
  3549 | D:5      | Entered Level 5 of the Dungeon
  3558 | D:5      | You fall into a shaft and drop 1 floor!
  3600 | D:6      | Reached skill level 7 in Axes
  3810 | D:5      | Reached XP level 7. HP: 46/46 MP: 7/7
  3834 | D:6      | Noticed Maggie
  3941 | D:5      | Reached skill level 8 in Axes
  4181 | D:5      | Reached skill level 9 in Axes
  4181 | D:5      | Reached XP level 8. HP: 6/52 MP: 8/8
  4185 | D:5      | HP: 2/52 [poisoned by a killer bee]
  4549 | D:5      | Found a stormy altar of Qazlal.
  4549 | D:5      | Found an ancient bone altar of Kikubaaqudgha.
  5164 | D:6      | Reached skill level 10 in Axes
  5228 | D:6      | Noticed Pikel
  5251 | D:6      | HP: 2/52 [Pikel/+0 whip of electrocution (2)]
  5253 | D:6      | Killed from afar by an orc priest

Illustrated notes

Levels and vault maps discovered:
D:1:      wander_arrival_peaceful_grave, layout_rooms, minmay_vboxes
D:2:      layout_loops_corners
D:3:      layout_basic, zin_angel, uniq_jessica
D:4:      layout_basic, nicolae_wu_jian_immortal_techniques,
          nicolae_overflow_crystal_walls, trog_three_pillars_becter,
          minmay_temple_entry_mini_moons, serial_shops, shop,
          nicolae_shop_i_like_big_books, ebering_dispersal_statue_hall,
          chequers_serial_rivers_micro_d, chequers_serial_rivers_large_a,
          kennysheep_generic_room_8
D:5:      layout_rooms, minitemple, nicolae_wormholes
D:6:      layout_basic, minmay_quadrilaterals, uniq_pikel, uniq_maggie
Temple:   nicolae_temple_little_seven

Skill      XL: |  1  2  3  4  5  6  7  8 |
---------------+-------------------------+-----
Axes           | 3 4 5 6 7 9 10 | 10.0
Fighting       | |  3.5
Dodging        | |  3.8
Shields        | |  3.0

Action                     |  1- 3 |  4- 6 |  7- 9 || total
---------------------------+-------+-------+-------++-------
  Melee: War axe           |    57 |   101 |       ||   158
         Tentacles         |    13 |    11 |    19 ||    43
         Constrict         |    13 |    23 |    22 ||    58
         Punch             |     1 |       |     2 ||     3
         Hand axe          |       |    22 |    81 ||   103
    Use: Scroll            |       |     6 |       ||     6
         Potion            |       |     4 |     3 ||     7
   Stab: Sleeping          |     2 |    10 |     3 ||    15
 Armour: Skin              |    25 |    66 |    58 ||   149
  Dodge: Dodged            |    33 |    84 |    71 ||   188
  Block: Buckler           |    12 |    27 |    27 ||    66

Table legend: (Time is in decaauts)
 A = Elapsed time spent in this place.
 B = Non-inter-level travel time spent in this place.
 C = Inter-level travel time spent in this place.
 D = Time resting spent in this place.
 E = Time spent auto-exploring this place.
 F = Levels seen in this place.
 G = Mean time per level.
                   A        B        C        D        E       F      G
               +--------+--------+--------+--------+--------+-----+--------+
         Total |   5347 |   5011 |    336 |    985 |   3075 |   7 |  763.9 |
       Dungeon |   5326 |   4998 |    328 |    985 |   3075 |   6 |  887.7 |
        Temple |     20 |     12 |      8 |      0 |      0 |   1 |   20.0 |
               +--------+--------+--------+--------+--------+-----+--------+

Top non-repeatable levels by time:
     D:2: 1270 daAuts
     D:4: 1194 daAuts
     D:5: 791 daAuts
     D:3: 724 daAuts
     D:1: 712 daAuts
     D:6: 633 daAuts
  Temple: 20 daAuts
